 Dungeon Crawl Stone Soup version 0.31-a0-986-g5e6e4ef867 (webtiles) character file.

Game seed: 4896992633181009236

1362 asdfadsf the Cleaver (level 8, -4/70 HPs)
             Began as a Hill Orc Fighter on Nov 9, 2023.
             Was an Initiate of Ru.
             Slain by a howler monkey (6 damage)
             ... on level 7 of the Dungeon.
             The game lasted 00:13:37 (4804 turns).

asdfadsf the Cleaver (Hill Orc Fighter)             Turns: 4804, Time: 00:13:38

Health: -4/70      AC: 12    Str: 21    XL:     8   Next: 64%
Magic:  8/8        EV:  7    Int: 10    God:    Ru [......]
Gold:   274        SH:  9    Dex: 10    Spells: 7/7 levels left

rFire   . . .        A - +7 mace "Newt's Death Toll" {elec, rPois rC+ Will+ Int+2}
rCold   + . .        y - +0 kite shield
rNeg    . . .        o - +0 chain mail
rPois   +            (no helmet)
rElec   .            r - scarf {repulsion}
rCorr   .            j - +0 pair of gloves
SInv    .            k - +0 pair of boots
Will    ++...        (no amulet)
Stlth   x              - ring of willpower
HPRegen 0.31/turn    (no ring)
MPRegen 0.11/turn

%: repel missiles
@: lethally poisoned (-4 -> -7), slowed, very slow
A: no striking features
a: Renounce Religion, Sacrifice Artifice, Sacrifice an Eye, Sacrifice
Nimbleness, Reject Sacrifices


You were on level 7 of the Dungeon.
You worshipped Ru.
Ru was noncommittal.
You visited 1 branch of the dungeon, and saw 7 of its levels.

You collected 274 gold pieces.

Inventory:

Hand Weapons
 a - a +0 war axe
 i - a +0 hand axe of electrocution
 A - the +7 mace "Newt's Death Toll" (weapon) {elec, rPois rC+ Will+ Int+2}
   (You found it on level 5 of the Dungeon)

   Int+2:     It affects your intelligence (+2).
   rC+:       It protects you from cold.
   rPois:     It protects you from poison Will+: It increases your willpower.
Armour
 b - a +0 scale mail
 c - a +0 buckler
 j - a +0 pair of gloves (worn)
 k - a +0 pair of boots (worn)
 o - a +0 chain mail (worn)
 r - a scarf of repulsion (worn)
 y - a +0 kite shield (worn)
Jewellery
 x - a ring of willpower (left hand)
Wands
 m - a wand of charming (19)
Scrolls
 g - 7 scrolls of identify
 h - 2 scrolls of noise {unknown}
 n - a scroll of poison {unknown}
 p - a scroll of torment
 q - 3 scrolls of teleportation {unknown}
 s - a scroll of blinking {unknown}
 u - a scroll of butterflies {unknown}
 z - a scroll of fog {unknown}
Potions
 d - 2 potions of might
 e - a potion of berserk rage {unknown}
 f - a potion of curing {unknown}
 l - 2 potions of enlightenment {unknown}
 t - a potion of mutation {unknown}
 v - 2 potions of haste {unknown}
 w - 2 potions of lignification {unknown}
 B - a potion of heal wounds {unknown}


   Skills:
 + Level 6.0 Fighting
 + Level 8.7(9.1) Axes
 + Level 3.0(5.5) Maces & Flails
 + Level 5.8 Armour
 + Level 1.1 Dodging
 + Level 0.4 Stealth
 + Level 5.4 Shields


You had 7 spell levels left.
You didn't know any spells.
Your spell library contained the following spells:

 Spells                   Type           Power      Damage    Failure   Level
 Summon Forest            Summ/Tloc      0%         N/A       100%        5
 Eringya's Noxious Bog    Tmut/Pois      0%         4d6       100%        6
 Summon Hydra             Summ           0%         N/A       100%        7


Dungeon Overview and Level Annotations

Branches:
Dungeon (7/15)
 Temple: D:4-7

Altars:
Gozag
Ru
Sif Muna
Uskayaw

Shops:
D:2 =   D:3 ?   D:6 :


Message History

You block the hornet's attack. The howler monkey barely misses you.
The howler monkey hoots and howls with incredible vigour!
The hornet stings you but does no damage.
You block the gnoll's attack.
The howler monkey completely misses you.
The howler monkey hits you but does no damage.
The hornet barely misses you.
The howler monkey hoots and howls with incredible vigour!
As you read the scroll labelled OSACSE ZAISENG, it crumbles to dust.
It is a scroll of identify.
p - a scroll of torment You feel very sick.
The howler monkey hits you but does no damage.
The hornet stings you but does no damage.
The howler monkey barely misses you.
The howler monkey hoots and howls with incredible vigour!
The hornet stings you.
* * * LOW HITPOINT WARNING * * *
You feel as though you will be slow longer.
The gnoll hits you but does no damage. x2
Ru believes you are ready to make a new sacrifice.
You feel sick.
The howler monkey hoots and howls with incredible vigour!
The hornet completely misses you. You block the howler monkey's attack.
The hornet stings you.
* * * LOW HITPOINT WARNING * * *
You feel as though you will be slow longer.
The gnoll barely misses you.
You hit the gnoll.
The gnoll is lightly wounded.
You feel sick. You block the howler monkey's attack. The hornet stings you!
* * * LOW HITPOINT WARNING * * *
You feel as though you will be slow longer.
The howler monkey hits you.
* * * LOW HITPOINT WARNING * * *
The gnoll misses you.
The hornet stings you but does no damage.
The howler monkey closely misses you. The gnoll closely misses you.
The howler monkey hits you.
You die...

#........#
#........#
#......$.# .
#........#$#
#..........#
#...........
###...g.......
#....gyh#
#....g@h#
#.......#
#########.#######
#<.......>.......
#################


You could see a hornet, 2 howler monkeys and 3 gnolls.

Vanquished Creatures
  Menkaure (D:6)
  An acid dragon (D:6)
  An ice beast (D:5)
  A sky beast (D:6)
  An ogre (D:6)
  A centaur (D:6)
  2 phantoms
  3 scorpions
  2 howler monkeys
  A jelly (D:5)
  A hound (D:4)
  Ijyb (D:3)
  5 orc wizards
  A gnoll (D:1)
  8 adders
  A white imp (D:4)
  2 ufetubi (D:4)
  A worm (D:2)
  3 dart slugs
  8 orcs
  9 ball pythons
  6 endoplasms
  A giant cockroach (D:3)
  7 goblins
  6 hobgoblins
  4 quokkas
  6 bats
  A frilled lizard (D:1)
  8 kobolds
  5 rats
98 creatures vanquished.

Notes
Turn   | Place    | Note
-------+----------+-------------------------------------------
     0 | D:1      | asdfadsf the Hill Orc Fighter began the quest for the Orb.
     0 | D:1      | Reached XP level 1. HP: 19/19 MP: 1/1
   276 | D:1      | Reached XP level 2. HP: 27/27 MP: 2/2
   438 | D:1      | Reached skill level 3 in Axes
   438 | D:1      | Reached XP level 3. HP: 28/33 MP: 3/3
   729 | D:2      | Found Ishrotuiwi's Jewellery Boutique.
   777 | D:2      | Found a hide-covered altar of Uskayaw.
  1110 | D:2      | You fall into a shaft and drop 1 floor!
  1117 | D:3      | Noticed Ijyb
  1126 | D:3      | Killed Ijyb
  1127 | D:3      | Reached XP level 4. HP: 40/40 MP: 4/4
  1330 | D:2      | Reached skill level 4 in Axes
  1861 | D:3      | Found a shimmering blue altar of Sif Muna.
  1901 | D:3      | Found an opulent altar of Gozag.
  2009 | D:3      | Found Luytz's Magic Scroll Boutique.
  2158 | D:4      | Reached XP level 5. HP: 46/46 MP: 5/5
  2264 | D:4      | Reached skill level 5 in Axes
  2280 | D:4      | Reached XP level 6. HP: 53/53 MP: 6/6
  2342 | D:4      | Reached skill level 6 in Axes
  3001 | D:5      | Entered Level 5 of the Dungeon
  3001 | D:5      | Noticed an ice beast
  3008 | D:5      | Killed an ice beast
  3009 | D:5      | Reached skill level 5 in Fighting
  3009 | D:5      | Reached XP level 7. HP: 50/61 MP: 7/7
  3069 | D:5      | Reached skill level 7 in Axes
  3151 | D:5      | Reached skill level 5 in Armour
  3669 | D:5      | Identified the +7 mace "Newt's Death Toll" {elec, rPois rC+
                  | Will+ Int+2}
  3672 | D:5      | Found a sacrificial altar of Ru.
  3691 | D:5      | Became a worshipper of Ru the Awakened
  3795 | D:6      | Reached skill level 1 in Dodging
  3795 | D:6      | Reached XP level 8. HP: 70/70 MP: 8/8
  3830 | D:6      | Noticed Menkaure
  3837 | D:6      | Killed Menkaure
  3838 | D:6      | Reached skill level 8 in Axes
  3838 | D:6      | Reached skill level 1 in Maces & Flails
  3950 | D:6      | Identified the +1 ring mail of the Fifty Orbs {rN+ Dex+2
                  | SInv}
  4385 | D:6      | Reached skill level 5 in Shields
  4565 | D:6      | Found Yxatouv's Book Boutique.
  4793 | D:7      | Noticed a hornet
  4804 | D:7      | HP: 2/70 [howler monkey (4)]
  4804 | D:7      | Slain by a howler monkey

Illustrated notes

Levels and vault maps discovered:
D:1:      saegor_arrival_simple_b, layout_basic, kennysheep_nondescript
D:2:      layout_loops_cross, serial_shops, shop, basic_altar
D:3:      layout_rooms, mainiacjoe_overflow_catwalk_spiral, serial_shops, shop,
          nicolae_titane, uniq_ijyb
D:4:      layout_loops_ring, minmay_pentangle
D:5:      layout_basic, kennysheep_little_box
D:6:      layout_gridville, serial_shops, shop, uniq_menkaure
D:7:      layout_basic, nicolae_overflow_hidden_temple,
          mainiacjoe_overflow_big_doors, minmay_temple_entry_mist,
          enter_bailey_4, grunt_decor_junction,
          nicolae_shop_sticking_my_neck_out

Skill      XL: |  1  2  3  4  5  6  7  8 |
---------------+-------------------------+-----
Shields        | 4 5 |  5.4
Axes           | 3 4 5 6 7 8 |  8.7
Fighting       | 4 5 6 |  6.0
Armour         | 4 5 |  5.8
Dodging        | 1 |  1.1
Maces & Flails | 3 |  3.0
Stealth        | |  0.4

Action                     |  1- 3 |  4- 6 |  7- 9 || total
---------------------------+-------+-------+-------++-------
  Melee: War axe           |    67 |   132 |    22 ||   221
         Mace              |       |       |    50 ||    50
    Use: Scroll            |       |       |     1 ||     1
 Armour: Scale mail        |    80 |    35 |       ||   115
         Chain mail        |       |    80 |   106 ||   186
  Dodge: Dodged            |    52 |    59 |    33 ||   144
         Repelled          |       |     1 |       ||     1
  Block: Buckler           |    32 |    21 |     3 ||    56
         Kite shield       |       |       |    30 ||    30

Table legend: (Time is in decaauts)
 A = Elapsed time spent in this place.
 B = Non-inter-level travel time spent in this place.
 C = Inter-level travel time spent in this place.
 D = Time resting spent in this place.
 E = Time spent auto-exploring this place.
 F = Levels seen in this place.
 G = Mean time per level.
                   A        B        C        D        E       F      G
               +--------+--------+--------+--------+--------+-----+--------+
         Total |   4883 |   4876 |      7 |    171 |   2709 |   7 |  697.6 |
       Dungeon |   4883 |   4876 |      7 |    171 |   2709 |   7 |  697.6 |
               +--------+--------+--------+--------+--------+-----+--------+

Top non-repeatable levels by time:
     D:6: 1062 daAuts
     D:4: 869 daAuts
     D:3: 782 daAuts
     D:1: 735 daAuts
     D:5: 733 daAuts
     D:2: 672 daAuts
     D:7: 28 daAuts
